 Dungeon Crawl Stone Soup version 0.25.1-2-g60ff931df9 (webtiles) character file.

Game seed: 11130656434998570196

2065 lepoulpe303 the Magician (level 9, -23/39 HPs)
             Began as a Spriggan Earth Elementalist on Oct 29, 2020.
             Was an Initiate of Gozag.
             Shot with a bolt by an orc warrior (28 damage)
             ... in a bailey.
             The game lasted 00:45:03 (9074 turns).

lepoulpe303 the Magician (SpEE)                     Turns: 9074, Time: 00:45:04

Health: -23/39     AC:  7    Str:  4    XL:     9   Next: 5%
Magic:  9/21       EV: 22    Int: 20    God:    Gozag
Gold:   731        SH:  0    Dex: 16    Spells: 1/22 levels left

rFire    . . .     SeeInvis +   b - +2 dagger (venom)
rCold    . . .     Gourm    .   (shield restricted)
rNeg     . . .     Faith    .   c - +1 robe
rPois    .         Spirit   .   (helmet restricted)
rElec    .         Reflect  .   (no cloak)
rCorr    +         Harm     .   (gloves unavailable)
MR       +....                  (boots unavailable)
Stlth    ++++......             (no amulet)
HPRegen  0.13/turn              C - ring of resist corrosion
MPRegen  0.17/turn              k - +4 ring of protection

@: very quick
A: very small, unfitting armour, see invisible, herbivore, speed 3, slow
metabolism 2
a: Potion Petition, Call Merchant, Bribe Branch, Renounce Religion


You were in a bailey.
You worshipped Gozag.
Gozag was pleased with you.
You were not hungry.

You visited 2 branches of the dungeon, and saw 8 of its levels.
You also visited: Bailey.

You collected 811 gold pieces.
You spent 39 gold pieces at shops.
You paid 41 gold pieces to Gozag.

Inventory:

Hand Weapons
 a - a +3 rapier
 b - a +2 dagger of venom (weapon)
Missiles
 m - 4 curare-tipped darts
 E - 26 poisoned darts (quivered)
 Q - 99 stones
Armour
 c - a +1 robe (worn)
Jewellery
 k - a +4 ring of protection (right hand)
 y - an uncursed ring of wizardry {unknown}
 B - a +4 ring of evasion {unknown}
 C - a ring of resist corrosion (left hand)
 D - a cursed amulet of magic regeneration
Scrolls
 g - 2 scrolls of immolation {unknown}
 i - a scroll of identify
 j - 2 scrolls of magic mapping {unknown}
 n - a scroll of enchant armour
 q - 2 scrolls of random uselessness {unknown}
 t - 4 scrolls of teleportation
 v - a scroll of amnesia {unknown}
 w - 2 scrolls of remove curse
 x - 2 scrolls of noise {unknown}
Potions
 d - 5 potions of curing
 f - 2 potions of lignification {!q}
 h - a potion of invisibility {unknown}
 l - a potion of heal wounds
 o - 2 potions of haste {unknown}
 p - a potion of stabbing
 u - a potion of degeneration {unknown}
 z - a potion of magic {unknown}
 A - 2 potions of mutation {unknown}
Comestibles
 e - 6 rations


   Skills:
 + Level 4.1 Short Blades
 + Level 6.6 Dodging
 + Level 7.0 Stealth
 * Level 7.4 Spellcasting
 * Level 5.3 Hexes
 - Level 1.3 Transmutations
 * Level 6.0 Earth Magic


You had one spell level left.
You knew the following spells:

 Your Spells              Type           Power        Failure   Level  Hunger
a - Sandblast             Erth           ####..       1%          1    None
b - Confusing Touch       Hex            ####....     3%          3    #......
c - Petrify               Tmut/Erth      ###.....     21%         4    ###....
d - Dazzling Flash        Conj/Hex       ###...       9%          3    #......
w - Passwall              Tmut/Erth      ###.....     3%          2    None
x - Stone Arrow           Conj/Erth      ###...       8%          3    #......
z - Lee's Rapid Deconstr  Erth           ####......   21%         5    #####..

Your spell library contained the following spells:

 Spells                   Type           Power        Failure   Level  Hunger
 Corona                   Hex            ####...      1%          1    None
 Foxfire                  Conj/Fire      #...         9%          1    None
 Tukima's Dance           Hex            ####....     3%          3    #......
 Ensorcelled Hibernation  Hex/Ice        ###...       4%          2    None
 Inner Flame              Hex/Fire       ###.....     9%          3    #......
 Conjure Flame            Conj/Fire      #.......     26%         3    #......
 Sticky Flame             Conj/Fire      #.......     65%         4    ###....
 Fireball                 Conj/Fire      #.........   94%         5    #####..


Dungeon Overview and Level Annotations

Branches:
Dungeon (7/15)             Temple (1/1) D:4          Bailey (1/1)

Altars:
Ashenzari
Dithmenos
Elyvilon
Fedhas
Gozag
Hepliaklqana
Kikubaaqudgha
Makhleb
Nemelex Xobeh
Okawaru
Qazlal
Ru
Trog
Uskayaw
Vehumet
Wu Jian
Yredelemnul
Zin
The Shining One

Shops:
D:4 !

Annotations:
D:3 rcorr => nourriture, exclusion: oklob plant, Sigmund


Innate Abilities, Weirdness & Mutations

You are very small and have problems with some larger weapons.
You are too small for most types of armour.
You have supernaturally acute eyesight. (SInv)
You are a herbivore.
You cover ground extremely quickly.
You need to consume almost no food.


Message History

The orc warrior shoots a bolt.
The bolt completely misses you.
You now have 18/21 mp.
Aim: an orc warrior, wielding a +0 arbalest, wearing a +0 chain mail and quivering 9 bolts (moderately wounded)
The stone arrow hits the orc warrior!
The orc warrior shouts!
You now have 15/21 mp.
Aim: an orc warrior, wielding a +0 arbalest, wearing a +0 chain mail and quivering 9 bolts (severely wounded)
The stone arrow misses the orc warrior. x2; The orc warrior shoots a bolt.
The bolt hits you.
You take 3 damage, and have 25/39 hp.
You now have 12/21 mp.
Aim: an orc warrior, wielding a +0 arbalest, wearing a +0 chain mail and quivering 8 bolts (severely wounded)
The stone arrow misses the orc warrior.
The orc warrior shouts!
The orc warrior shoots a bolt.
The bolt hits you!!
Ouch! That really hurt!
* * * LOW HITPOINT WARNING * * *
The orc warrior shoots a bolt.
The bolt hits you!!
Ouch! That really hurt!
You die...
Your body crumbles into a pile of gold.

### ##### ##∩##
#### $
.....##.∩.##....
.≈≈≈..#...#..≈≈≈
$
≈≈o≈≈..(....≈≈o≈
≈.oo≈.....oo≈oo
$
≈≈o≈≈..o....≈≈o≈
.≈≈≈..#(..#..≈≈≈
..o..##..@##.o..
##### ##∩## ####
###


You could see 6 orc warriors.

Levels and vault maps discovered:
D:1:      dpeg_arrival_lava_altar, layout_basic, minmay_misc_feat_doors,
          minmay_lizard_pond
D:2:      layout_loops_corners, dancing_weapons_uskayaw, grunt_qazlal_clouds,
          first_ration, grunt_ministairs_13, okawaru_trees_2
D:3:      layout_loops_ring, vehumet_crystals, tgw_fedhas,
          kennysheep_cluttered_room, serial_bayou_pond_c, uniq_sigmund
D:4:      layout_basic, minmay_temple_entry_statues, serial_shops, shop,
          grunt_decor_resistance, kennysheep_generic_room_10
D:5:      layout_loops_ring, lemuel_round_altar, minmay_checkerbox
D:6:      layout_loops_corners, amethyst_overflow_temple_binary,
          grunt_dithmenos_shadows
D:7:      layout_cave_pools, serial_rivers, chequers_serial_rivers_small_3,
          chequers_serial_rivers_room_b, chequers_serial_rivers_small_b,
          chequers_serial_rivers_large_a, enter_bailey_6
Temple:   minmay_temple_forest_path
Bailey:   bailey_polearm_4, bailey

Notes
Turn   | Place    | Note
-------+----------+-------------------------------------------
     0 | D:1      | lepoulpe303 the Spriggan Earth Elementalist began the quest
                  | for the Orb.
     0 | D:1      | Reached XP level 1. HP: 9/9 MP: 5/5
   219 | D:1      | Reached skill level 3 in Spellcasting
   246 | D:1      | Reached XP level 2. HP: 12/13 MP: 5/7
   250 | D:1      | Learned a level 2 spell: Passwall
   396 | D:1      | Identified a +0 club
   396 | D:1      | Identified a +0 dagger
   411 | D:1      | Reached skill level 3 in Earth Magic
   533 | D:1      | Identified a cursed -2 club
   649 | D:1      | Identified a cursed -1 club
   869 | D:1      | Identified a +0 club
  1020 | D:1      | Identified a cursed -3 club
  1172 | D:1      | Reached XP level 3. HP: 16/16 MP: 6/8
  1177 | D:1      | Learned a level 3 spell: Stone Arrow
  1383 | D:2      | Identified a +0 short sword
  1675 | D:2      | Found an iron altar of Okawaru.
  1754 | D:2      | Found a hide-covered altar of Uskayaw.
  1756 | D:2      | Identified a +0 hand axe
  1756 | D:2      | Noticed a +0 hand axe
  1756 | D:2      | Identified a +0 hand axe
  1756 | D:2      | Noticed a +0 hand axe
  2002 | D:2      | Identified a +0 dagger
  2101 | D:2      | Identified a +0 club
  2227 | D:2      | Found a stormy altar of Qazlal.
  2282 | D:2      | Identified a +0 dagger
  2285 | D:2      | Identified a +0 giant spiked club
  2285 | D:2      | Noticed an ogre
  2363 | D:2      | Killed an ogre
  2363 | D:2      | Reached skill level 1 in Short Blades
  2363 | D:2      | Reached skill level 4 in Dodging
  2363 | D:2      | Reached skill level 4 in Stealth
  2363 | D:2      | Reached skill level 4 in Spellcasting
  2363 | D:2      | Reached XP level 4. HP: 21/21 MP: 11/11
  2369 | D:2      | Learned a level 4 spell: Petrify
  2409 | D:2      | Identified a +0 dagger
  2548 | D:3      | Identified a +0 club
  2552 | D:3      | Reached XP level 5. HP: 24/24 MP: 10/12
  2615 | D:3      | Identified a +0 club
  2814 | D:3      | Identified 3 scrolls of teleportation
  2916 | D:3      | Identified a +0 whip
  2917 | D:3      | Identified a +0 flail
  2987 | D:3      | Identified a +0 spear
  2989 | D:3      | Identified a +0 spear
  3101 | D:3      | Identified a +0 ring mail
  3105 | D:3      | Identified a +0 club
  3329 | D:3      | Found a radiant altar of Vehumet.
  3348 | D:3      | Identified a +0 dagger
  3351 | D:3      | Identified a +0 halberd
  3352 | D:3      | Identified a +0 spear
  3353 | D:3      | Identified a +0 dagger
  3364 | D:3      | Identified a +0 vampiric scythe
  3364 | D:3      | Identified a +0 robe
  3364 | D:3      | Noticed Sigmund
  3649 | D:3      | Found a blossoming altar of Fedhas.
  4037 | D:3      | Noticed an oklob plant
  4321 | D:3      | Identified 3 scrolls of identify
  4321 | D:3      | Identified a ring of resist corrosion (You found it on
                  | level 3 of the Dungeon)
  4323 | D:3      | Identified 2 scrolls of enchant armour
  4324 | D:3      | Identified 2 scrolls of remove curse
  4325 | D:3      | Identified a ring of protection (You found it on level 1 of
                  | the Dungeon)
  4459 | D:4      | Found a staircase to the Ecumenical Temple.
  4466 | Temple   | Entered the Ecumenical Temple
  4889 | Temple   | Became a worshipper of Gozag Ym Sagoz the Greedy
  4976 | D:4      | Found Ducvofiu's Distillery.
  4982 | D:4      | Bought a potion of curing for 39 gold pieces
  4985 | D:4      | Identified a +0 flail
  4985 | D:4      | Identified a +0 leather armour
  5048 | D:4      | Reached skill level 4 in Earth Magic
  5208 | D:4      | Identified a +0 flail
  5208 | D:4      | Identified a +0 leather armour
  5219 | D:4      | Reached XP level 6. HP: 28/28 MP: 8/14
  5264 | D:4      | Identified a +0 dagger
  5264 | D:4      | Identified a +0 robe
  5284 | D:4      | Reached skill level 2 in Short Blades
  5330 | D:4      | Identified a +0 hand axe
  5331 | D:4      | Identified a +0 dagger
  5331 | D:4      | Identified a +0 robe
  5602 | D:4      | Reached skill level 5 in Spellcasting
  5662 | D:4      | Identified a potion of lignification
  5663 | D:4      | Identified a potion of heal wounds
  5664 | D:4      | Identified a potion of stabbing
  5669 | D:4      | Learned a level 3 spell: Confusing Touch
  5686 | D:4      | Identified a +0 giant club
  5726 | D:4      | Reached skill level 1 in Hexes
  5848 | D:4      | Identified a +0 giant club
  5886 | D:4      | Reached skill level 5 in Stealth
  5886 | D:4      | Reached XP level 7. HP: 32/32 MP: 14/16
  6220 | D:5      | Entered Level 5 of the Dungeon
  6340 | D:5      | Reached skill level 5 in Dodging
  6340 | D:5      | Reached skill level 2 in Hexes
  6518 | D:5      | Identified a +0 mace
  6519 | D:5      | Identified a +0 short sword
  6520 | D:5      | Identified a +0 dagger
  6520 | D:5      | Identified a +0 robe
  6521 | D:5      | Identified a +0 hand axe
  6986 | D:5      | Found a glowing golden altar of the Shining One.
  6995 | D:5      | Reached skill level 3 in Short Blades
  6995 | D:5      | Reached skill level 6 in Spellcasting
  6995 | D:5      | Reached skill level 3 in Hexes
  7237 | D:5      | Learned a level 5 spell: Lee's Rapid Deconstruction
  7278 | D:6      | Reached skill level 5 in Earth Magic
  7394 | D:6      | Reached XP level 8. HP: 36/36 MP: 13/18
  7435 | D:6      | Found a sacrificial altar of Ru.
  7435 | D:6      | Found a shadowy altar of Dithmenos.
  7435 | D:6      | Identified a +0 giant club
  7488 | D:6      | Reached skill level 6 in Stealth
  7601 | D:6      | Identified a +0 giant spiked club
  7724 | D:6      | Identified a +0 shortbow
  7738 | D:6      | Reached skill level 6 in Dodging
  7738 | D:6      | Reached skill level 4 in Hexes
  7876 | D:6      | Identified a +0 shortbow
  8159 | D:6      | Identified a +0 dagger
  8159 | D:6      | Identified a +0 robe
  8161 | D:6      | Identified a +0 long sword
  8161 | D:6      | Identified a +0 chain mail
  8161 | D:6      | Identified a +0 dagger
  8161 | D:6      | Identified a +0 scale mail
  8161 | D:6      | Identified a +0 hand axe
  8161 | D:6      | Identified a +0 leather armour
  8180 | D:6      | Identified a +2 mace of protection
  8188 | D:6      | Reached skill level 7 in Spellcasting
  8194 | D:6      | HP: 7/36 [orc/+2 mace of protection (11)]
  8692 | D:6      | Found a shadowy altar of Dithmenos.
  8820 | D:6      | Identified a +0 rapier (You found it on level 6 of the
                  | Dungeon)
  8821 | D:6      | Identified 3 scrolls of enchant weapon
  8844 | D:7      | Identified a +0 flail
  8844 | D:7      | Identified a +0 chain mail
  8844 | D:7      | Identified a +0 dagger
  8844 | D:7      | Identified a +0 leather armour
  8844 | D:7      | Identified a +0 leather armour
  8844 | D:7      | Identified a +2 dagger of venom
  8844 | D:7      | Identified a +0 robe
  8845 | D:7      | Identified a cursed -2 flail
  8851 | D:7      | Reached skill level 4 in Short Blades
  8851 | D:7      | Reached skill level 5 in Hexes
  8931 | D:7      | Identified a +0 giant spiked club
  8947 | D:7      | Reached skill level 6 in Earth Magic
  8947 | D:7      | Reached XP level 9. HP: 28/39 MP: 13/21
  8959 | D:7      | Learned a level 3 spell: Dazzling Flash
  9043 | D:7      | Reached skill level 7 in Stealth
  9053 | D:7      | Found a flagged portal.
  9062 | Bailey   | Entered a bailey
  9062 | Bailey   | Identified a +0 trident
  9062 | Bailey   | Identified a +0 scale mail
  9062 | Bailey   | Identified a +0 spear
  9062 | Bailey   | Identified a +0 scale mail
  9062 | Bailey   | Identified a +0 arbalest
  9062 | Bailey   | Identified a +0 ring mail
  9062 | Bailey   | Identified a +0 arbalest
  9062 | Bailey   | Identified a +0 scale mail
  9062 | Bailey   | Identified a +0 arbalest
  9062 | Bailey   | Identified a +0 chain mail
  9062 | Bailey   | Identified a +0 arbalest
  9062 | Bailey   | Identified a +0 chain mail
  9063 | Bailey   | Identified a +0 halberd
  9063 | Bailey   | Identified a +0 chain mail
  9063 | Bailey   | Identified a +0 spear
  9063 | Bailey   | Identified a +0 scale mail
  9063 | Bailey   | Identified a +0 spear
  9063 | Bailey   | Identified a +0 ring mail
  9064 | Bailey   | Identified a +0 halberd
  9064 | Bailey   | Identified a +0 scale mail
  9064 | Bailey   | Identified a +0 arbalest
  9064 | Bailey   | Identified a +0 ring mail
  9064 | Bailey   | Identified a +0 spear
  9064 | Bailey   | Identified a +0 scale mail
  9070 | Bailey   | Identified an amulet of magic regeneration (You found it on
                  | level 6 of the Dungeon)
  9074 | Bailey   | HP: 5/39 [orc warrior/bolt (21)]
  9074 | Bailey   | Shot with a bolt by an orc warrior

Table legend:
 A = Turns spent in this place as a percentage of turns spent in the entire game.
 B = Non-inter-level travel turns spent in this place as a percentage of non-inter-level travel turns spent in the entire game.
 C = Inter-level travel turns spent in this place as a percentage of turns spent in this place.
 D = Turns resting spent in this place as a percentage of non-inter-level travel turns spent in this place.
 E = Turns spent auto-exploring this place as a percentage of non-inter-level travel turns spent in this place.
 F = Non-inter-level travel turns spent in this place divided by the number of levels of this place that you've seen.
                   A       B       C       D       E      F
               +-------+-------+-------+-------+-------+----------------------
         Total | 100.0 | 100.0 |   5.1 |  12.7 |  64.5 | 956.3
       Dungeon |  94.6 |  95.5 |   4.2 |  13.3 |  63.0 | 1174.3
        Temple |   5.3 |   4.4 |  21.5 |   0.0 |  99.5 | 375.0
        Bailey |   0.1 |   0.1 |   0.0 |   0.0 |   0.0 |  12.0
               +-------+-------+-------+-------+-------+----------------------

Table legend:
 A = Kills in this place as a percentage of kills in entire the game.
 B = Kills by you in this place as a percentage of kills by you in the entire game.
 C = Kills by friends in this place as a percentage of kills by friends in the entire game.
 D = Other kills in this place as a percentage of other kills in the entire game.
 E = Experience gained in this place as a percentage of experience gained in the entire game.
 F = Experience gained in this place divided by the number of levels of this place that you have seen.
                   A       B       C       D       E      F
               +-------+-------+-------+-------+-------+----------------------
         Total | 100.0 | 100.0 |   N/A | 100.0 | 100.0 | 327.8
       Dungeon | 100.0 | 100.0 |   N/A | 100.0 | 100.0 | 421.4
               +-------+-------+-------+-------+-------+----------------------

Skill      XL: |  1  2  3  4  5  6  7  8  9 |
---------------+----------------------------+-----
Spellcasting   | 3 4 5 6 7 |  7.4
Earth Magic    | 3 4 5 6 |  6.0
Short Blades   | 1 2 3 4 |  4.1
Dodging        | 4 5 6 |  6.6
Stealth        | 4 5 6 7 |  7.0
Hexes          | 1 3 5 |  5.3
Transmutations | |  1.3

Action                   |  1- 3 |  4- 6 |  7- 9 || total
-------------------------+-------+-------+-------++-------
Melee: Unarmed           |    47 |       |       ||    47
       Dagger            |    91 |   131 |     8 ||   230
       Short sword       |       |   112 |   118 ||   230
       Rapier            |       |       |    16 ||    16
Throw: Dart              |    38 |    58 |    22 ||   118
 Cast: Sandblast         |    25 |    22 |    74 ||   121
       Stone Arrow       |       |       |     9 ||     9
       Confusing Touch   |       |       |     2 ||     2
  Use: Scroll            |       |     8 |     4 ||    12
 Stab: Sleeping          |    12 |     9 |     8 ||    29
       Distracted        |       |     1 |     2 ||     3
       Confused          |       |       |     3 ||     3
  Eat: Ration            |       |     2 |     1 ||     3
Armor: Robe              |    12 |     9 |    21 ||    42
Dodge: Dodged            |   107 |    96 |   168 ||   371

Vanquished Creatures
  A sky beast (D:5)
  An ice beast (D:6)
  An orc warrior (D:6)
  2 phantoms (D:5)
  6 ogres
  2 centaurs (D:6)
  4 bullfrogs
  2 crimson imps
  A bullfrog zombie (D:7)
  A hound (D:5)
  A jelly (D:6)
  An orc priest (D:4)
  5 orc wizards
  A centaur skeleton (D:7)
  A worker ant (D:6)
  A hound skeleton (D:3)
  2 worker ant zombies
  11 gnolls
  5 adders
  2 shadow imps
  2 worms
  2 dart slugs (D:3)
  3 leopard geckos
  14 orcs
  4 ball pythons
  6 bats
  2 giant cockroaches
  7 hobgoblins
  5 jackals
  4 quokkas
  A ball python skeleton (D:4)
  15 frilled lizards
  9 goblins
  A jackal skeleton (D:4)
  6 kobolds
  A leopard gecko skeleton (D:6)
  14 rats
147 creatures vanquished.
